 Dungeon Crawl Stone Soup version 0.29.1-2-gbd0b4ee654 (webtiles) character file.

Game seed: 13934915863778868990

387 Hiippo the Grave Robber (level 6, 0/41 HPs)
             Began as a Demonspawn Necromancer on Nov 29, 2022.
             Succumbed to a scorpion's poison
             ... on level 4 of the Dungeon.
             The game lasted 00:24:32 (4038 turns).

Hiippo the Grave Robber (Demonspawn Necromancer)    Turns: 4038, Time: 00:24:33

Health: 0/41       AC:  7    Str:  9    XL:     6   Next: 49%
Magic:  17/21      EV: 12    Int: 18    God:
Gold:   134        SH:  0    Dex: 15    Spells: 9/13 levels left

rFire   . . .      SeeInvis .   e - +0 sling
rCold   . . .      Faith    .   (no shield)
rNeg    . . .      Spirit   .   a - +0 robe
rPois   +          Reflect  .   (no helmet)
rElec   .          Harm     .   l - +0 cloak {rPois}
rCorr   .          Rampage  .   (no gloves)
Will    .....                   (no boots)
Stlth   +++.......              (no amulet)
HPRegen 0.13/turn               g - ring of magical power
MPRegen 0.17/turn               t - +4 ring of protection

@: lethally poisoned (0 -> -8), weak-willed
A: thin skeletal structure 1, powered by death 1
a: no special abilities


You were on level 4 of the Dungeon.
You visited 1 branch of the dungeon, and saw 4 of its levels.

You collected 227 gold pieces.
You spent 93 gold pieces at shops.

Inventory:

Hand Weapons
 e - a +0 sling (weapon)
Armour
 a - a +0 robe (worn)
 l - a +0 cloak of poison resistance (worn)
Jewellery
 g - a ring of magical power (left hand)
 h - a ring of ice
 j - a ring of resist corrosion
 k - a ring of fire
 p - a ring of protection from fire
 t - a +4 ring of protection (right hand)
Scrolls
 c - 4 scrolls of identify {unknown}
 n - a scroll of amnesia {unknown}
 o - a scroll of teleportation {unknown}
 r - 2 scrolls of magic mapping {unknown}
Potions
 b - a potion of magic
 f - 2 potions of curing {unknown}
 i - a potion of haste {unknown}
 m - a potion of lignification {unknown}
 q - 3 potions of heal wounds {unknown}
 s - a potion of brilliance {unknown}
 u - 2 potions of mutation {unknown}


   Skills:
 - Level 2.6 Dodging
 - Level 1.9 Stealth
 + Level 4.4 Spellcasting
 + Level 6.5 Necromancy


You had 9 spell levels left.
You knew the following spells:

 Your Spells              Type           Power      Damage    Failure   Level
a - Necrotise             Necr           100%       1d9       1%          1
b - Vampiric Draining     Necr           27%        2d7       2%          3

Your spell library contained the following spells:

 Spells                   Type           Power      Damage    Failure   Level
 Sublimation of Blood     Necr           27%        N/A       1%          2
 Animate Dead             Necr           27%        N/A       10%         4
 Agony                    Necr           27%        N/A       26%         5
 Petrify                  Tmut/Erth      4%         N/A       80%         4
 Irradiate                Conj/Tmut      2%         3d12      98%         5
 Haunt                    Necr/Summ      7%         N/A       100%        7
 Infestation              Necr           13%        N/A       100%        8


Dungeon Overview and Level Annotations

Branches:
Dungeon (4/15)
 Temple: D:4-7

Altars:

Shops:
D:2 [


Innate Abilities, Weirdness & Mutations

You have a somewhat thin skeletal structure. (Dex +2, Stealth+)
You regenerate a little health from kills.


Message History

The scorpion attacks as you move away! The scorpion stings you.
The scorpion attacks as you move away! The scorpion stings you.
* * * LOW HITPOINT WARNING * * *
The scorpion stings you but does no damage.
You see here a +0 chain mail.
Aiming: Necrotise (safe; 1% risk of failure)
Press: ? - help, Q - select action, (/) - cycle Shift-Dir - straight line, f/p - scorpion
Aim: a scorpion (moderately wounded, chance to affect: 83%)
The scorpion writhes in agony.
The scorpion barely misses you.
Aiming: Necrotise (safe; 1% risk of failure)
Press: ? - help, Q - select action, (/) - cycle Shift-Dir - straight line, f/p - scorpion
Aim: a scorpion (heavily wounded, chance to affect: 83%)
The scorpion writhes in agony.
The scorpion stings you but does no damage.
Aiming: Necrotise (safe; 1% risk of failure)
Press: ? - help, Q - select action, (/) - cycle Shift-Dir - straight line, f/p - scorpion
Aim: a scorpion (severely wounded, chance to affect: 83%)
The scorpion barely resists.
The scorpion barely misses you. The scorpion stings you.
* * * LOW HITPOINT WARNING * * *
You are lethally poisoned!
The scorpion poisons you!
Aiming: Necrotise (safe; 1% risk of failure)
Press: ? - help, Q - select action, (/) - cycle Shift-Dir - straight line, f/p - scorpion
Aim: a scorpion (severely wounded, chance to affect: 83%)
The scorpion barely resists.
* * * LOW HITPOINT WARNING * * *
You feel very sick.
The scorpion stings you but does no damage.
Aiming: Necrotise (safe; 1% risk of failure)
Press: ? - help, Q - select action, (/) - cycle Shift-Dir - straight line, f/p - scorpion
Aim: a scorpion (severely wounded, chance to affect: 83%)
The scorpion writhes in agony!
You kill the scorpion!
* * * LOW HITPOINT WARNING * * *
You feel very sick.
As you read the scroll labelled KITZECW WAYCVOPP, it crumbles to dust.
Magic quickly surges around you.
It was a scroll of vulnerability.
You die...

#.............###
#...............#
#..[.............
#.............##
#..........^..#
##............#
#............# ####
##.[........## )..######
###@.......##
###.....######...#..#####
#####.........#####
######...## ##..# ##..#
....# ...... .....###


There were no monsters in sight!

Vanquished Creatures
  Sigmund (D:4)
  A scorpion (D:4)
  4 gnolls
  2 adders
  An ufetubus (D:4)
  3 adder zombies (D:4)
  2 worms
  A dart slug (D:2)
  7 ball pythons
  5 bats
  5 endoplasms
  2 giant cockroaches
  6 hobgoblins
  8 jackals
  5 quokkas
  3 frilled lizards (D:2)
  4 goblins
  4 kobolds
  6 rats
70 creatures vanquished.

Vanquished Creatures (collateral kills)
  An adder (D:2)
  3 frilled lizards (D:2)
4 creatures vanquished.

Vanquished Creatures (others)
  A plant (D:2)
  4 withered plants (D:4)
5 creatures vanquished.

Grand Total: 79 creatures vanquished

Notes
Turn   | Place    | Note
-------+----------+-------------------------------------------
     0 | D:1      | Hiippo the Demonspawn Necromancer began the quest for the
                  | Orb.
     0 | D:1      | Reached XP level 1. HP: 13/13 MP: 3/3
   382 | D:1      | Gained mutation: You have a somewhat thin skeletal
                  | structure. (Dex +2, Stealth+) [demonic ancestry]
   382 | D:1      | Reached XP level 2. HP: 19/19 MP: 3/5
  1419 | D:2      | Reached XP level 3. HP: 19/24 MP: 6/6
  1532 | D:2      | Learned a level 3 spell: Vampiric Draining
  1992 | D:2      | Found a faded altar of an unknown god.
  2100 | D:2      | Found Dyssu's Armour Shop.
  2125 | D:2      | Bought a +0 cloak of poison resistance for 93 gold pieces
  2159 | D:2      | Reached skill level 5 in Necromancy
  2159 | D:2      | Reached XP level 4. HP: 27/30 MP: 8/8
  2810 | D:3      | Identified the +9 mace of the Median {freeze, Str+5 Int-4
                  | Stlth+}
  3403 | D:4      | Noticed a phantom
  3758 | D:4      | Reached XP level 5. HP: 31/35 MP: 10/10
  3899 | D:4      | Noticed Sigmund
  3908 | D:4      | Killed Sigmund
  3909 | D:4      | Reached skill level 6 in Necromancy
  3909 | D:4      | Gained mutation: You regenerate a little health from kills.
                  | [demonic ancestry]
  3909 | D:4      | Reached XP level 6. HP: 41/41 MP: 12/12
  4037 | D:4      | HP: 2/41 [poisoned by a scorpion]
  4038 | D:4      | Succumbed to a scorpion's poison

Illustrated notes

Levels and vault maps discovered:
D:1:      enne_arrival_octagon_isle, layout_loops_ring, due_unseen_surprise
D:2:      layout_loops_corners, shapermc_ecumenical_altar_venn, serial_shops,
          nicolae_square_shop, minmay_lizard_king
D:3:      layout_basic
D:4:      layout_cave_pods, serial_undead, serial_undead_e, serial_undead_a,
          serial_undead_e, serial_undead_b, uniq_duvessa, uniq_sigmund

Skill      XL: |  1  2  3  4  5 |
---------------+----------------+-----
Dodging        | 2 |  2.6
Necromancy     | 5 6 |  6.5
Spellcasting   | 3 4 |  4.4
Stealth        | |  1.9

Action                   |  1- 3 |  4- 6 || total
-------------------------+-------+-------++-------
Melee: Sling             |     9 |       ||     9
 Fire: Sling             |     3 |    46 ||    49
 Cast: Necrotise         |    67 |    62 ||   129
       Vampiric Draining |     1 |       ||     1
  Use: Scroll            |       |     1 ||     1
Armor: Robe              |       |    31 ||    31
Dodge: Dodged            |    10 |    39 ||    49
